Unix NetHack Version 3.7.0-73 Work-in-progress - last build Feb 17 2023 02:16:44 (48fe2e8c4a70f1d2d5b622443eb9b5bc1b8d05f7,branch:master). Game began 2023-02-24 23:29:40, ended 2023-02-24 23:57:53. microlance, lawful female human Valkyrie ----- ------ ------ --------------- |...| ---- ------|(.(%| * #*---- ` -.......--........|..|(| |...| --..------ |...|.-.(((|## ......... #*` -..|...........|...{..-..-|| ||-----.........| |...|.|.(((|##..........-...|...|.........----.....|...)| |..............- |-.--.------..........................------ |.--|------- -----.....{....----...................G.................|.(((| |.|...| |..-....)..........-..--|..-...........................-.(*(| |.|...| |..|-.))......|..--...|.........................-.-....|.(%(| |.----- ------.---...-|...-|.............--...................|------ |.... -|- ------....--........---.............-.......-| --------------- ....| |.|......|...|.............................| |%)[%[[.*%|...| |%..!| -.|....---...........--..#`*|.|.......{....|--|...*....!|..-- ------ |..|.................-.#*`..-|....|........-|..--------|--..-- -----..|....|)....--..#@@.`###...|....-........--................| ----.|....|..----...-- :@@Y| |..|......---+-.....-|--........--|| --|.........|--- |..-- ---@--- #...-.......-..|..---|..|--|-..--|..| --.|-.....---- |..| |%))..| ---.-. *......|--- |..| ..|-.|.-..| -..|....|.---------|..| |.@)..| * ##.>....| --.---|--.----|| .....---|.........--..| |...[.| *#...---- |.............| <.)--- ------.......-- ------- `*## --------------- --- --------- Microlance the Fighter St:18 Dx:14 Co:16 In:8 Wi:9 Ch:11 Lawful S:4860 Dlvl:8 $:106 HP:0(64) Pw:18(18) AC:-5 Xp:7/1086 T:4679 Latest messages: You see here an uncursed orcish dagger named G?imtooth. You see here a spear. You see here an uncursed orcish dagger named G?imtooth. You see here a spear. You see here a spear. There is an altar to Tyr (lawful) here. You see here a crossbow bolt. You see here a cursed Fruit. You see here an uncursed orcish dagger named G?imtooth. You see here a spear. You see here an uncursed orcish dagger named G?imtooth. You see here a spear. You see here an uncursed orcish dagger named G?imtooth. The watchman wields a short sword! You see here a spear. The watchman thrusts her short sword. The watchman hits! You see here a spear. You see here an uncursed orcish dagger named G?imtooth. You see here a cursed Fruit. You see here an uncursed orcish dagger named G?imtooth. You see here a spear. You see here an uncursed orcish dagger named G?imtooth. You see here a spear. You see here an uncursed orcish dagger named G?imtooth. You see here a spear. You see here an uncursed orcish dagger named G?imtooth. You see here a spear. The watch captain swings his long sword. The watch captain hits! The watch captain swings his long sword. The watch captain hits! You hit the owlbear! The owlbear misses! The owlbear hits! The watch captain swings his long sword. The watch captain misses! The watch captain swings his long sword. The watch captain hits! You hit the owlbear. What do you want to read? [oU or ?*] As you read the scroll, it disappears. Your spear glows blue for a moment. The owlbear hits! The owlbear just misses! The watch captain swings his long sword. The watch captain hits! The watch captain swings his long sword. The watch captain hits! You die... Inventory: Coins ('$') $ - 106 gold pieces Amulets ('"') M - an uncursed amulet of ESP (being worn) Weapons (')') K - 14 +0 darts b - a +0 dagger (alternate weapon; not wielded) F - a +0 elven dagger a - a +2 spear (weapon in hand) Armor ('[') A - an uncursed +0 dwarvish iron helm (being worn) S - an uncursed +0 pair of iron shoes (being worn) c - an uncursed +3 small shield (being worn) h - an uncursed +0 oilskin cloak (being worn) y - an uncursed +0 banded mail (being worn) Comestibles ('%') C - an uncursed candy bar labeled "Nilla Crunchie" T - an uncursed cream pie g - 2 uncursed food rations q - 2 uncursed fortune cookies Scrolls ('?') o - an uncursed scroll of light Potions ('!') s - an uncursed potion of blindness l - 2 potions of holy water Rings ('=') G - an uncursed ring of warning (on left hand) Wands ('/') J - a wand of digging (0:0) j - a wand of striking (0:1) Tools ('(') p - an uncursed blindfold d - a blessed brass lantern (lit) Z - an uncursed brass lantern e - an uncursed skeleton key r - an uncursed stethoscope Microlance the Valkyrie's attributes: Background: You were a Fighter, a level 7 human Valkyrie. You were lawful, on a mission for Tyr who was opposed by Odin (neutral) and Loki (chaotic). You were in the Gnomish Mines, on level 8. You entered the dungeon 4679 turns ago. It was nighttime. You had 1086 experience points, 194 more were needed to attain level 8. Your score was 4860 before end-of-game adjustments. Basics: You had 0 out of 64 hit points. You had all 18 energy points (spell power). Your armor class was -5. Your wallet contained 106 zorkmids. Autopickup was on for '$?!"=/' plus thrown, with exceptions. Final Characteristics: Your strength was 18 (limit:18/100). Your dexterity was 14 (limit:18). Your constitution was 16 (limit:18). Your intelligence was 8 (limit:18). Your wisdom was 9 (limit:18). Your charisma was 11 (limit:18). Final Status: You were not hungry. You were unencumbered. You were wielding a spear. You had basic skill with spear and could have enhanced that. Final Attributes: You were piously aligned. You were cold resistant. You were telepathic. You were warned. You were stealthy. You were guarded. You were fast. You were very lucky. You are dead. Miscellaneous: You disabled loading of bones levels. Total elapsed playing time was 28 minutes and 13 seconds. Major events: Turn 1: microlance the lawful human Valkyrie entered the dungeon 1383: entered the Gnomish Mines 1715: attained the rank of Skirmisher (level 3) 2584: attained the rank of Fighter (level 6) 2904: reached Mine Town 4679: killed by a watch captain Vanquished creatures: a large mimic 2 small mimics a chameleon a leprechaun a giant spider a gnome ruler 2 apes a rock piercer 12 gnome leaders 3 gnomish wizards 3 elf zombies 4 giant ants a floating eye 4 dwarves a monkey 3 dwarf zombies a werejackal an iguana a coyote a hobbit 4 giant rats 33 gnomes 2 geckos 5 jackals a fox a goblin a sewer rat a grid bug a lichen 5 newts 99 creatures vanquished. No species were genocided or became extinct. Voluntary challenges: You read items or engraved 8 times. You never engraved Elbereth. You never genocided any monsters. You never polymorphed an object. You never changed form. You used no wishes. Achievements: You entered the Gnomish Mines. You attained the rank of Skirmisher. You attained the rank of Fighter. You entered Minetown. You entered a shop. You entered a temple. The Dungeons of Doom: levels 1 to 5 Level 1: Level 2: Level 3: Level 4: Stairs down to The Gnomish Mines. Level 5: The Gnomish Mines: levels 5 to 8 Level 5: Level 6: Level 7: Level 8: <- You were here. Many shops, a temple to Tyr, many fountains. Final resting place for you, killed by a watch captain. Game over: ---------- / \ / REST \ / IN \ / PEACE \ / \ | microlance | | 106 Au | | killed by a | | watch captain | | | | | | 2023 | *| * * * | * _________)/\\_//(\/(/\)/\//\/|_)_______ Farvel microlance the Valkyrie... You died in The Gnomish Mines on dungeon level 8 with 4850 points, and 106 pieces of gold, after 4679 moves. You were level 7 with a maximum of 64 hit points when you died.